 Dungeon Crawl Stone Soup version 0.25.1-8-g42b30a86e7 (webtiles) character file.

Game seed: 12013451476027103748

3927 hawla the Thaumaturge (level 10, -6/103 HPs)
             Began as a Red Draconian Conjurer on Dec 18, 2020.
             Was a Follower of Vehumet.
             Killed by divine providence
             ... invoked by an orc priest
              (12 damage)
             ... on level 8 of the Dungeon.
             The game lasted 00:22:36 (9975 turns).

hawla the Thaumaturge (Red Draconian Conjurer)      Turns: 9975, Time: 00:22:37

Health: -6/103     AC: 25    Str: 12    XL:     10   Next: 1%
Magic:  14/24      EV:  2    Int: 18    God:    Vehumet [*.....]
Gold:   400        SH:  0    Dex: 11    Spells: 23/30 levels left

rFire    . . .     SeeInvis .   v - +0 quarterstaff
rCold    . . .     Gourm    .   (shield currently unavailable)
rNeg     + + +     Faith    .   (armour unavailable)
rPois    +         Spirit   .   (helmet currently unavailable)
rElec    .         Reflect  .   (cloak currently unavailable)
rCorr    .         Harm     .   (gloves currently unavailable)
MR       +....     NoTele   +   (boots currently unavailable)
Stlth    ++........             m - amulet of magic regeneration
HPRegen  0.27/turn              n - ring of protection from magic
MPRegen  0.44/turn              (no ring)

@: tree-form
A: (breathe fire), unfitting armour, AC +7
a: Renounce Religion


You were on level 8 of the Dungeon.
You worshipped Vehumet.
Vehumet was aware of your devotion.
You were very hungry.
You were a tree.
You visited 2 branches of the dungeon, and saw 9 of its levels.

You collected 400 gold pieces.

Inventory:

Hand Weapons
 p - a +1 whip of holy wrath
 v - a +0 quarterstaff (weapon)
Missiles
 h - 3 curare-tipped darts
 i - 2 boomerangs (quivered)
 s - 40 poisoned darts
Armour
 g - a scarf of repulsion (melded)
 r - a +2 hat (melded)
Jewellery
 m - an amulet of magic regeneration (around neck)
 n - a ring of protection from magic (left branch)
Wands
 e - a wand of clouds (3)
 j - a wand of flame (12)
 t - a wand of disintegration (5)
 y - a wand of random effects (16)
Scrolls
 a - 6 scrolls of teleportation
 c - 5 scrolls of remove curse
 f - a scroll of amnesia
 k - a scroll of blinking
 l - 3 scrolls of identify
 o - 2 scrolls of fear
 u - a scroll of fog {unknown}
 x - a scroll of enchant weapon
Potions
 d - 2 potions of flight {unknown}
Comestibles
 b - 14 rations


   Skills:
 - Level 1.7 Dodging
 - Level 1.7 Stealth
 + Level 10.5 Spellcasting
 - Level 8.0 Conjurations
 - Level 5.6 Translocations


You had 23 spell levels left.
You knew the following spells:

 Your Spells              Type           Power        Failure   Level  Hunger
a - Magic Dart            Conj           ####         1%          1    None
b - Searing Ray           Conj           #####.       1%          2    None
c - Iskenderun's Mystic   Conj/Tloc      ####....     4%          4    ###....

Your spell library contained the following spells:

 Spells                   Type           Power        Failure   Level  Hunger
 Shock                    Conj/Air       ###.         1%          1    None
 Dazzling Flash           Conj/Hex       ###...       4%          3    None
 Animate Skeleton         Necr           N/A          8%          1    None
 Corona                   Hex            #......      8%          1    None
 Pain                     Necr           #...         8%          1    None
 Ensorcelled Hibernation  Hex/Ice        #.....       12%         2    None
 Fulminant Prism          Conj/Hex       ###.......   14%         4    ###....
 Confusing Touch          Hex            #.......     22%         3    None
 Tukima's Dance           Hex            #.......     22%         3    None
 Vampiric Draining        Necr           #.........   22%         3    None
 Animate Dead             Necr           N/A          58%         4    ###....
 Agony                    Necr           #.......     91%         5    #####..


Dungeon Overview and Level Annotations

Branches:
Dungeon (8/15)             Temple (1/1) D:4
   Lair: D:8-11

Altars:
Ashenzari
Cheibriados
Dithmenos
Elyvilon
Gozag
Hepliaklqana
Kikubaaqudgha
Makhleb
Nemelex Xobeh
Okawaru
Qazlal
Ru
Sif Muna
Trog
Vehumet
Wu Jian
Yredelemnul
Zin
The Shining One

Shops:
D:5 }   D:7 %

Annotations:
D:8 Psyche


Innate Abilities, Weirdness & Mutations

((You can breathe blasts of fire.))
((Your fiery red scales are hard. (AC +7)))
You cannot fit into any form of body armour.
((Your flesh is heat resistant. (rF+)))
((You are cold-blooded and may be slowed by cold attacks.))


Message History

You erupt in a blast of force!
The mystic blast hits the crocodile.
The crocodile is lightly wounded.
The crocodile is knocked back by the mystic blast.
The mystic blast hits the plant but does no damage.
The plant is lightly damaged.
The mystic blast hits the porcupine!
You kill the porcupine!
Vehumet accepts your kill.
You have reached level 10!
The mystic blast hits the plant.
The plant is severely damaged.
The mystic blast hits the yak.
The yak is moderately wounded.
The yak is knocked back by the mystic blast.
The yak collides with the porcupine!
Psyche shouts!
A centaur zombie comes into view.
The orc priest calls down the wrath of Beogh upon you.
Beogh smites you!
You die...

P..P........Z.P
.......@P...P..
..P....F..P..P.
...P...Zo.....P
......h....P...
#####
.....Pt...P...#
....#
...P..†P).....#
###.#
.......♣.Y.....
#.#
.........r.....
#.#
.....†.........
#.##
###.#.#((.....#
#..# #..
#...#######
##.# #.#####(#
#.# #...#...#
#.# #.#.### ##
#.# #...#


You could see Psyche, a yak, a crocodile, a bullfrog, a porcupine, a hound, an
orc priest, a centaur zombie and a centaur skeleton.

Vanquished Creatures
  A two-headed ogre (D:8)
  A hippogriff (D:8)
  A hungry ghost (D:7)
  Grum (D:8)
  Menkaure (D:6)
  Edmund (D:4)
  A water moccasin (D:7)
  2 porcupines (D:8)
  A black bear (D:8)
  2 orc warriors (D:7)
  2 phantoms
  3 wolves (D:8)
  2 centaurs
  2 ogres
  3 bullfrogs
  2 scorpions
  2 howler monkeys
  A crimson imp (D:8)
  A centaur zombie (D:6)
  3 hounds
  A bullfrog skeleton (D:4)
  A gnoll shaman (D:4)
  3 jellies
  3 iguanas
  4 orc wizards
  3 worker ants
  2 hound skeletons
  A hound zombie (D:7)
  A worker ant zombie (D:5)
  9 gnolls
  5 adders
  A shadow imp (D:8)
  An ooze (D:1)
  2 adder skeletons
  2 adder zombies
  3 worms
  A dart slug (D:1)
  4 leopard geckos
  15 orcs
  4 giant cockroaches
  2 gnoll zombies (D:5)
  11 hobgoblins
  13 jackals
  6 quokkas
  A ball python (D:5)
  5 bats
  11 frilled lizards
  7 goblins
  A jackal zombie (D:5)
  8 kobolds
  A leopard gecko skeleton (D:4)
  A leopard gecko zombie (D:8)
  2 quokka skeletons
  7 rats
175 creatures vanquished.

Vanquished Creatures (others)
  53 fungi (D:8)
  29 plants (D:8)
82 creatures vanquished.

Grand Total: 257 creatures vanquished

Notes
Turn   | Place    | Note
-------+----------+-------------------------------------------
     0 | D:1      | hawla the Draconian Conjurer began the quest for the Orb.
     0 | D:1      | Reached XP level 1. HP: 14/14 MP: 3/3
   178 | D:1      | Reached XP level 2. HP: 15/20 MP: 0/5
   669 | D:1      | Learned a level 2 spell: Searing Ray
  1297 | D:2      | Reached XP level 3. HP: 14/26 MP: 1/7
  2099 | D:2      | Reached skill level 3 in Spellcasting
  2455 | D:2      | Reached XP level 4. HP: 29/33 MP: 5/8
  2883 | D:2      | Reached skill level 5 in Conjurations
  3708 | D:3      | Found a shattered altar of Ashenzari.
  3874 | D:3      | Reached XP level 5. HP: 38/38 MP: 2/10
  4139 | D:3      | Found a burning altar of Makhleb.
  4330 | D:3      | Found a faded altar of an unknown god.
  4371 | D:3      | Learned a level 4 spell: Iskenderun's Mystic Blast
  4660 | D:4      | Reached skill level 4 in Spellcasting
  4660 | D:4      | Reached skill level 1 in Translocations
  4732 | D:4      | Reached XP level 6. HP: 45/45 MP: 8/12
  4781 | D:4      | Found a staircase to the Ecumenical Temple.
  4782 | D:4      | Noticed Edmund
  4838 | D:4      | Killed Edmund
  5189 | D:4      | Your scales start taking on a fiery red colour.
  5189 | D:4      | Reached XP level 7. HP: 47/50 MP: 3/14
  5189 | D:4      | Gained mutation: Your flesh is heat resistant. (rF+) [Red
                  | Draconian growth]
  5526 | D:4      | Found a sacrificial altar of Ru.
  5534 | D:4      | Reached skill level 5 in Spellcasting
  5847 | Temple   | Entered the Ecumenical Temple
  6031 | Temple   | Became a worshipper of Vehumet
  6139 | D:4      | Got a pair of faintly humming boots
  6145 | D:4      | Identified the cursed +0 pair of boots of the Lair of
                  | Beasts {Harm *Slow MR+} (You found it on level 4 of the
                  | Dungeon)
  6283 | D:5      | Entered Level 5 of the Dungeon
  6331 | D:5      | Found Ataj's Gadget Emporium.
  6429 | D:5      | Found an ornate altar of the Wu Jian Council.
  6851 | D:5      | Found an ancient bone altar of Kikubaaqudgha.
  7015 | D:5      | Found a basalt altar of Yredelemnul.
  7358 | D:6      | Noticed Menkaure
  7364 | D:6      | Killed Menkaure
  7364 | D:6      | Reached XP level 8. HP: 11/57 MP: 13/16
  8018 | D:7      | Found Hevohis's Food Boutique.
  8031 | D:7      | Reached skill level 6 in Spellcasting
  8169 | D:7      | Reached * piety under Vehumet
  8169 | D:7      | Offered knowledge of Shock by Vehumet.
  8278 | D:7      | Reached skill level 5 in Translocations
  8789 | D:7      | Reached skill level 7 in Spellcasting
  9015 | D:7      | Reached XP level 9. HP: 34/62 MP: 13/19
  9350 | D:8      | Noticed Grum
  9370 | D:8      | Killed Grum
  9370 | D:8      | Reached skill level 8 in Spellcasting
  9683 | D:8      | Noticed a two-headed ogre
  9694 | D:8      | Killed a two-headed ogre
  9694 | D:8      | Reached skill level 9 in Spellcasting
  9842 | D:8      | Reached skill level 10 in Spellcasting
  9974 | D:8      | Noticed Psyche
  9975 | D:8      | Reached XP level 10. HP: 6/69 MP: 14/24
  9975 | D:8      | Killed from afar by an orc priest

Illustrated notes

Levels and vault maps discovered:
D:1:      dpeg_arrival_houses_and_road, layout_rooms, fountainhead,
          corexii_leaking_fountain, minmay_heptomino_d4
D:2:      layout_loops_ring, serial_co_window_serial, co_window_corner_a,
          co_window_of_opportunity_a, co_window_cross_1,
          co_window_of_opportunity_a, co_window_corner_a, co_window_paths_a,
          co_window_paths_a, co_window_corner_ca, co_window_broadway_b,
          co_window_of_opportunity_b, co_window_corner_b, co_window_broadway_a,
          co_window_4corner_a, glass_columns_b
D:3:      layout_rooms, ashenzari_conservatory_becter,
          makhleb_blood_cavern_becter, first_ration,
          chequers_ecumenical_altar_island
D:4:      layout_basic, minmay_temple_entry_arrows, nicolae_ru_awakened_eye,
          uniq_edmund
D:5:      layout_rooms, old_standard_altar, lemuel_zombie_altar_yredelemnul,
          serial_shops, shop, basic_altar
D:6:      layout_cave_pods, uniq_menkaure
D:7:      layout_layer_cave, serial_shops, nicolae_shop_behind_doors,
          st_stairs_14
D:8:      layout_loops_corners, kennysheep_mini_moat, lemuel_doored_altar,
          due_lair_maze_entry_diamond, uniq_psyche, uniq_grum
Temple:   eino_temple_water

Skill      XL: |  1  2  3  4  5  6  7  8  9 |
---------------+----------------------------+-----
Spellcasting   | 3 4 5 7 10 | 10.5
Conjurations   | 5 6 7 8 |  8.0
Translocations | 1 2 4 5 |  5.6
Dodging        | |  1.7
Stealth        | |  1.7

Action                   |  1- 3 |  4- 6 |  7- 9 | 10-12 || total
-------------------------+-------+-------+-------+-------++-------
Melee: Unarmed           |    76 |    33 |       |       ||   109
       Tailslap          |     5 |     6 |     2 |       ||    13
       Whip              |       |       |    32 |       ||    32
       Quarterstaff      |       |       |     2 |       ||     2
 Cast: Magic Dart        |    59 |    66 |   110 |       ||   235
       Searing Ray       |    10 |    27 |    61 |       ||    98
       Iskenderun's Myst |       |     1 |     7 |     1 ||     9
  Use: Scroll            |     1 |       |    11 |       ||    12
       Potion            |     3 |     3 |     6 |       ||    12
  Eat: Chunk             |     6 |     8 |    16 |       ||    30
       Ration            |       |       |     1 |       ||     1
Armor: Skin              |    40 |    26 |    46 |       ||   112
Dodge: Dodged            |    78 |    36 |    58 |       ||   172
       Repelled          |       |     2 |     5 |       ||     7
